 Dungeon Crawl Stone Soup version 0.19.1-1-g22dce08 (webtiles) character file.

786 nikopol the Skirmisher (level 7, 0/45 HPs)
             Began as a Gargoyle Berserker on Jan 8, 2017.
             Was a Priest of Trog.
             Killed from afar by an orc wizard (8 damage)
             ... with a magic dart
             ... on level 6 of the Dungeon.
             The game lasted 00:10:41 (4254 turns).

nikopol the Skirmisher (Gargoyle Berserker)         Turns: 4254, Time: 00:10:41

Health: 0/45       AC: 13    Str: 20    XL:     7   Next: 86%
Magic:  7/7        EV: 12    Int:  8    God:    Trog [***...]
Gold:   188        SH:  0    Dex: 11    Spells: 0 memorised, 6 levels left

rFire  . . .     SeeInvis .     a - +0 hand axe
rCold  . . .     Gourm    .     d - +0 ring mail (curse)
rNeg   + . .     Faith    .     (no shield)
rPois  ∞         Spirit   .     (no helmet)
rElec  +         Reflect  .     (no cloak)
rCorr  .         Harm     .     e - +0 pair of gloves
MR     .....                    o - +0 pair of boots
Stlth  +.........               (no amulet)
                                q - ring of poison resistance (curse)
                                v - -3 ring of slaying (curse)

@: exhausted, starving, slowed, very slow
A: negative energy resistance 1, electricity resistance, unbreathing,
petrification resistance, rot immunity, AC +4
a: Berserk, Trog's Hand, Burn Spellbooks, Renounce Religion


You were on level 6 of the Dungeon.
You worshipped Trog.
Trog was most pleased with you.
You were starving.

You visited 1 branch of the dungeon, and saw 6 of its levels.

You collected 188 gold pieces.

Inventory:

Hand Weapons
 a - a +0 hand axe (weapon)
Missiles
 D - 26 arrows (quivered)
Armour
 b - a +0 scale mail
 d - a cursed +0 ring mail (worn)
 e - a +0 pair of gloves (worn)
 o - a +0 pair of boots (worn)
Jewellery
 n - an uncursed ring of flight
 q - a cursed ring of poison resistance (right hand)
 v - a cursed -3 ring of slaying (left hand)
Wands
 x - a wand of flame (35/48)
 F - a wand of iceblast (7/15)
Scrolls
 h - 2 scrolls of blinking {unknown}
 j - 3 scrolls of identify {unknown}
 k - 4 scrolls of remove curse {unknown}
 u - 2 scrolls of amnesia {unknown}
 y - 2 scrolls of noise {unknown}
 z - a scroll of teleportation {unknown}
 A - a scroll of immolation {unknown}
 B - a scroll of fog {unknown}
Potions
 c - 2 potions of cancellation {unknown}
 f - a potion of invisibility {unknown}
 g - 3 potions of heal wounds {unknown}
 i - 2 potions of curing {unknown}
 l - a potion of might {unknown}
 m - a potion of beneficial mutation {unknown}
 r - a potion of brilliance {unknown}
 C - a potion of mutation {unknown}
 E - a potion of flight {unknown}
Comestibles
 p - 3 bread rations
 s - a royal jelly
 t - a meat ration
 w - 2 fruits


   Skills:
 + Level 5.7 Fighting
 + Level 4.5 Axes
 + Level 5.2 Armour
 + Level 3.8 Dodging


You had 6 spell levels left.
You didn't know any spells.

Dungeon Overview and Level Annotations

Branches:
Dungeon (7/15)
 Temple: D:4-7

Altars:
Dithmenos
Okawaru
Sif Muna
Trog


Innate Abilities, Weirdness & Mutations

You are resistant to torment.
Your stone body is resilient. (AC +4)
You are immune to poison.
You resist negative energy. (rN+)
You are resistant to electric shocks. (rElec)
You can survive without breathing.
You are immune to petrification.
You are immune to rotting.


Message History

You feel yourself slow down.
You're too confused!
You bump into the rock wall.
You completely miss something. Something hits you but does no damage.
The crimson imp spits at you. Something hits you but does no damage.
You miss the crimson imp. You miss something.
You feel less confused.
The crimson imp hits you but does no damage.
Something hits you but does no damage. Something hits you but does no damage.
Something hits you but does no damage.
You hear some strange, mumbled words.
Something tries to affect you, but you resist.
You hear some strange, mumbled words.
A puff of flame appears from out of thin air!
The puff of flame hits you!
A magic dart appears from out of thin air!
The magic dart hits you!
You die...

######...######.#
.##...÷...# ... ..
...$......# #.# #.#
.#..._....# #.# #..
##.......# #.###...
#......## #..?#.###.
######.## #......⌠.#
#...########.....#
#####....../.@..5.# #
#.......#####..##.#
.#
#.###.............#
..+
#.....#####.##.†#...#
......#..## #....%)#
.##.###5.# #.......%#
# #..# #.#####..#
...# #.# #.# #....
#.# ...


You could see a crimson imp.

Vanquished Creatures
  Duvessa (D:6)
  An ogre (D:6)
  Dowan (D:6)
  2 howler monkeys
  An orc priest (D:4)
  4 orc wizards
  2 iguanas (D:6)
  Natasha (thrice) (D:2)
  A worker ant (D:4)
  4 gnolls (D:3)
  6 adders
  An ooze (D:2)
  2 worms
  A leopard gecko (D:6)
  11 orcs
  7 bats
  5 giant cockroaches
  6 goblins
  3 hobgoblins
  11 jackals
  A quokka (D:3)
  2 ball pythons (D:3)
  4 frilled lizards
  A jackal skeleton (D:4)
  5 kobolds
  4 rats
90 creatures vanquished.

Notes
Turn   | Place    | Note
-------+----------+-------------------------------------------
     0 | D:1      | nikopol the Gargoyle Berserker began the quest for the Orb.
     0 | D:1      | Reached XP level 1. HP: 14/14 MP: 1/1
   181 | D:1      | Reached XP level 2. HP: 12/19 MP: 2/2
   700 | D:2      | Noticed Natasha
   702 | D:2      | Noticed a crimson imp
   711 | D:2      | Killed Natasha
   711 | D:2      | Reached XP level 3. HP: 9/24 MP: 3/3
   729 | D:2      | HP: 1/24 [Natasha/magic dart (7)]
   730 | D:2      | Noticed Natasha
  1020 | D:2      | Killed Natasha
  1020 | D:2      | Reached XP level 4. HP: 18/29 MP: 4/4
  1082 | D:2      | Noticed Natasha
  1093 | D:2      | Killed Natasha
  1297 | D:2      | Reached ** piety under Trog
  1516 | D:2      | Found a bloodstained altar of Trog.
  1877 | D:3      | Reached XP level 5. HP: 32/33 MP: 5/5
  2744 | D:4      | Reached XP level 6. HP: 17/39 MP: 6/6
  2757 | D:4      | Reached *** piety under Trog
  3294 | D:4      | Found an iron altar of Okawaru.
  3359 | D:4      | Reached skill level 5 in Fighting
  3383 | D:4      | Found a deep blue altar of Sif Muna.
  3385 | D:4      | You fall through a shaft for 3 floors!
  3408 | D:6      | Found a shadowy altar of Dithmenos.
  3611 | D:6      | Noticed Dowan
  3614 | D:6      | Noticed Duvessa
  3628 | D:6      | Reached XP level 7. HP: 14/44 MP: 7/7
  3630 | D:6      | Killed Duvessa
  3672 | D:6      | Killed Dowan
  3672 | D:6      | Reached skill level 5 in Armour
  4254 | D:6      | Killed from afar by an orc wizard

Skill      XL: |  1  2  3  4  5  6  7 |
---------------+----------------------+-----
Dodging        | 2 3 |  3.8
Axes           | 3 4 |  4.5
Armour         | 3 4 5 |  5.2
Fighting       | 4 5 |  5.7

Action                   |  1- 3 |  4- 6 |  7- 9 || total
-------------------------+-------+-------+-------++-------
Melee: Hand axe          |    86 |   283 |   451 ||   820
Invok: Berserk           |     1 |     3 |     1 ||     5
       Trog's Hand       |       |       |     1 ||     1
  Eat: Chunk             |     1 |     7 |     3 ||    11
       Bread ration      |       |     1 |       ||     1
Armor: Ring mail         |    59 |   128 |   221 ||   408
Dodge: Dodged            |    86 |   218 |   216 ||   520
